 Dungeon Crawl Stone Soup version 0.20.1-1-g8b1a95d (webtiles) character file.

207 slep the Chopper (level 5, 0/45 HPs)
             Began as a Draconian Gladiator on Dec 23, 2017.
             Was an Initiate of Okawaru.
             Succumbed to an adder's poison
             ... on level 4 of the Dungeon.
             The game lasted 00:08:36 (2502 turns).

slep the Chopper (Draconian Gladiator)              Turns: 2502, Time: 00:08:36

Health: 0/45       AC:  6    Str: 16    XL:     5   Next: 54%
Magic:  5/5        EV: 19    Int:  9    God:    Okawaru [......]
Gold:   247        SH:  0    Dex: 18    Spells: 4/4 levels left

rFire    . . .     SeeInvis .   a - +0 war axe
rCold    . . .     Gourm    .   (no shield)
rNeg     . . .     Faith    .   (armour unavailable)
rPois    .         Spirit   .   b - +0 hat
rElec    .         Reflect  .   y - +0 cloak
rCorr    .         Harm     .   (no gloves)
MR       .....                  (no boots)
Stlth    +++.......             (no amulet)
Regen    0.2/turn               (no ring)
MPRegen  0.1/turn               (no ring)

@: agile, lethally poisoned (0 -> -3), flying
A: unfitting armour, cold-blooded, AC +5
a: Renounce Religion


You were on level 4 of the Dungeon.
You worshipped Okawaru.
Okawaru was noncommittal.
You were not hungry.

You visited 1 branch of the dungeon, and saw 4 of its levels.

You collected 247 gold pieces.

Inventory:

Hand Weapons
 a - a +0 war axe (weapon)
Missiles
 c - 3 throwing nets (quivered)
 e - 13 poisoned needles
 s - 6 tomahawks
Armour
 b - a +0 hat (worn)
 y - a +0 cloak (worn)
Scrolls
 f - 6 scrolls of teleportation {unknown}
 g - 2 scrolls of remove curse {unknown}
 j - 2 scrolls of enchant armour {unknown}
 u - a scroll of recharging {unknown}
 w - 2 scrolls of identify {unknown}
Potions
 h - a potion of heal wounds {unknown}
 i - 2 potions of curing {unknown}
 k - a potion of brilliance {unknown}
 l - a potion of cancellation {unknown}
 m - a potion of agility
 n - 2 potions of flight
 o - a potion of might {unknown}
 p - a potion of degeneration {unknown}
 r - 2 potions of mutation {unknown}
 v - a potion of berserk rage {unknown}
Books
 q - a book of Misfortune

   Spells                             Type                      Level
   a - Confusing Touch                Hexes                        1
   b - Confuse                        Hexes                        3
   c - Gell's Gravitas                Translocation                3
   d - Petrify                        Transmutation/Earth          4
   e - Metabolic Englaciation         Hexes/Ice                    5
   f - Yara's Violent Unravelling     Hexes/Transmutation          5
Comestibles
 d - 2 bread rations
 t - 3 royal jellies
 x - a chunk of flesh


   Skills:
 + Level 3.0 Fighting
 + Level 5.1 Axes
 + Level 2.1 Throwing
 + Level 3.4 Dodging
 + Level 0.6 Stealth


You had 4 spell levels left.
You didn't know any spells.

Dungeon Overview and Level Annotations

Branches:
Dungeon (4/15)
 Temple: D:4-7

Altars:
Elyvilon
Fedhas
Okawaru
Vehumet


Innate Abilities, Weirdness & Mutations

Your plain brown scales are hard. (AC +5)
You cannot fit into any form of body armour.
You are cold-blooded and may be slowed by cold attacks.


Message History

You barely miss the adder.
You feel sick. The orc hits you but does no damage.
The orc hits you from afar with a trident.
The orc priest closely misses you. The adder closely misses you.
The orc wizard barely misses you. The orc closely misses you.
The orc priest barely misses you. The adder bites you but does no damage.
It was a potion of agility.
You feel agile all of a sudden. The orc closely misses you.
The orc wizard points at you and mumbles some strange words.
The magic dart hits you!
* * * LOW HITPOINT WARNING * * *
The adder misses you. The orc priest hits you with a whip.
* * * LOW HITPOINT WARNING * * *
The orc hits you.
* * * LOW HITPOINT WARNING * * *
Unknown command.
It was a potion of flight.
You feel very buoyant.
You fly up into the air.
You die...

....... .......
....... .......
....... #######
......o#####.....###
......oo............
.....oS@.........#
......)o####.....#
........####..#######
........##..........#
........##..........#
.......###..........#
......#
#..........####
######
#..............
#..........####


You could see an orc priest, an orc wizard, an adder and 3 orcs.

Vanquished Creatures
  Crazy Yiuf (D:3)
  2 worker ants (D:4)
  2 adders
  An ooze (D:2)
  4 worms
  5 dart slugs (D:1)
  4 leopard geckos
  5 orcs
  8 bats
  2 giant cockroaches
  9 goblins
  11 hobgoblins
  3 jackals (D:3)
  8 kobolds
  5 quokkas
  2 ball pythons
  7 frilled lizards
  A rat (D:2)
80 creatures vanquished.

Vanquished Creatures (others)
  2 adders (D:4)
2 creatures vanquished.

Grand Total: 82 creatures vanquished

Notes
Turn   | Place    | Note
-------+----------+-------------------------------------------
     0 | D:1      | slep the Draconian Gladiator began the quest for the Orb.
     0 | D:1      | Reached XP level 1. HP: 17/17 MP: 1/1
   193 | D:1      | Reached XP level 2. HP: 24/25 MP: 2/2
   521 | D:1      | Reached XP level 3. HP: 29/30 MP: 3/3
  1073 | D:2      | Reached skill level 4 in Axes
  1106 | D:2      | Found a blossoming altar of Fedhas.
  1270 | D:2      | Reached XP level 4. HP: 30/37 MP: 4/4
  1626 | D:3      | Found a radiant altar of Vehumet.
  1812 | D:3      | Found a runed door.
  1816 | D:3      | Noticed Crazy Yiuf
  1823 | D:3      | Killed Crazy Yiuf
  2046 | D:4      | Reached XP level 5. HP: 14/44 MP: 5/5
  2314 | D:4      | Found a white marble altar of Elyvilon.
  2355 | D:4      | Found an iron altar of Okawaru.
  2367 | D:4      | Became a worshipper of Warmaster Okawaru
  2483 | D:4      | Reached skill level 5 in Axes
  2501 | D:4      | HP: 1/45 [orc (4)]
  2502 | D:4      | Succumbed to an adder's poison

Skill      XL: |  1  2  3  4  5 |
---------------+----------------+-----
Throwing       | 2 |  2.1
Dodging        | 3 |  3.4
Axes           | 4 5 |  5.1
Fighting       | 3 |  3.0
Stealth        | |  0.6

Action                   |  1- 3 |  4- 6 || total
-------------------------+-------+-------++-------
Melee: War axe           |   105 |   103 ||   208
       Tailslap          |    11 |     9 ||    20
  Use: Potion            |       |     2 ||     2
 Stab: Sleeping          |     1 |     2 ||     3
  Eat: Chunk             |     1 |     4 ||     5
Armor: Skin              |    35 |    37 ||    72
Dodge: Dodged            |    94 |   121 ||   215
